MLB
BOSTON RED SOX @ KANSAS CITY ROYALS
07/06/2018
 
TOP OF THE 1ST
Boston Red Sox batting - Pitching for Kansas City Royals : LHP Chris Sale
Pitching: LHP Chris Sale
Batting: RHB Cesar Puello 0-0: Ball
1-0: Called Strike
1-1: Called Strike
1-2: Ball
2-2: Ball
3-2: Foul Ball, location: 2F
3-2: Base on Balls
Batting: RHB Eduardo Nunez 0-0: Swinging Strike
0-1: Called Strike
Cesar Puello is caught stealing 2nd base 2-4
0-2: Strikes out looking
Batting: RHB Yoenis Cespedes 0-0: Ball
1-0: Ground out 1-3 (Groundball, 15)
Top of the 1st over - 0 runs, 0 hits, 0 errors, 0 left on base; Boston 0 - Kansas City 0
BOTTOM OF THE 1ST
Kansas City Royals batting - Pitching for Boston Red Sox : LHP Marco Gonzales
Pitching: LHP Marco Gonzales
Batting: LHB Raimel Tapia 0-0: DOUBLE (Groundball, 3L)
Batting: RHB Dansby Swanson 0-0: Ball
1-0: Sac Bunt to 23 - play at first, batter OUT! 3-4
Raimel Tapia to third
Batting: RHB Nolan Arenado 0-0: Ball
1-0: Called Strike
1-1: Ball
2-1: Ball
3-1: Base on Balls
Batting: RHB Albert Pujols 0-0: Called Strike
0-1: Swinging Strike
0-2: Ball
1-2: Foul Ball, location: 2F
1-2: SINGLE (Groundball, 6MD)
Raimel Tapia scores
Nolan Arenado to second
Runner from 2nd tries for 3rd, SAFE, no throw by CF
Batting: SHB Melky Cabrera 0-0: Called Strike
0-1: Ball
1-1: Ball
2-1: Swinging Strike
2-2: Ball
3-2: Foul Ball, location: 2F
3-2: Base on Balls
Albert Pujols to second
Batting: RHB Josh Phegley 0-0: Foul Ball, location: 2F
0-1: Called Strike
0-2: Ball
Wild Pitch!
Nolan Arenado scores
Albert Pujols to third
Melky Cabrera to second
1-2: Ball
2-2: Strikes out swinging
Batting: LHB Jesse Winker 0-0: Ball
1-0: Ball
2-0: Ball
3-0: Called Strike
3-1: Foul Ball, location: 2F
3-2: Foul Ball, location: 2F
3-2: 3-RUN HOME RUN (Flyball, 9D), Distance : 369 ft
Batting: SHB Jurickson Profar 0-0: Ball
1-0: Ball
2-0: Ground out 5-3 (Groundball, 5)
Bottom of the 1st over - 5 runs, 3 hits, 0 errors, 0 left on base; Boston 0 - Kansas City 5
TOP OF THE 2ND
Boston Red Sox batting - Pitching for Kansas City Royals : LHP Chris Sale
Batting: RHB Yasiel Puig 0-0: Called Strike
0-1: Ground out 6-3 (Groundball, 6)
Batting: LHB Matt Adams 0-0: Called Strike
0-1: Foul Ball, location: 2F
0-2: Ball
1-2: Strikes out swinging
Batting: RHB Jett Bandy 0-0: Called Strike
0-1: Swinging Strike
0-2: Ball
1-2: DOUBLE (Flyball, 89D)
Batting: LHB Derek Dietrich 0-0: Ball
1-0: Called Strike
1-1: Called Strike
1-2: Ball
2-2: Strikes out swinging
Top of the 2nd over - 0 runs, 1 hit, 0 errors, 1 left on base; Boston 0 - Kansas City 5
BOTTOM OF THE 2ND
Kansas City Royals batting - Pitching for Boston Red Sox : LHP Marco Gonzales
Batting: LHB Luis Valbuena 0-0: Ball
1-0: Called Strike
1-1: Swinging Strike
1-2: Ball
2-2: Foul Ball, location: 2F
2-2: Fly out, F9 (Line Drive, 9)
Batting: LHB Raimel Tapia 0-0: Ball
1-0: Ball
2-0: Called Strike
2-1: Ball
3-1: Foul Ball, location: 2F
3-2: Fly out, F7 (Flyball, 7)
Batting: RHB Dansby Swanson 0-0: Called Strike
0-1: Ball
1-1: Called Strike
1-2: Ground out 6-3 (Groundball, 6MD)
Bottom of the 2nd over - 0 runs, 0 hits, 0 errors, 0 left on base; Boston 0 - Kansas City 5
TOP OF THE 3RD
Boston Red Sox batting - Pitching for Kansas City Royals : LHP Chris Sale
Batting: LHB J.P. Crawford 0-0: Called Strike
0-1: Ball
1-1: DOUBLE (Line Drive, 8LXD)
Batting: LHB Jackie Bradley Jr. 0-0: Fly out, F8 (Line Drive, 8RM)
Batting: RHB Cesar Puello 0-0: Ball
1-0: Foul Ball, location: 2F
1-1: Ball
2-1: Foul Ball, location: 2F
2-2: Strikes out swinging, 2-3 out at first.
Batting: RHB Eduardo Nunez 0-0: Ground out 6-3 (Groundball, 6)
Top of the 3rd over - 0 runs, 1 hit, 0 errors, 1 left on base; Boston 0 - Kansas City 5
BOTTOM OF THE 3RD
Kansas City Royals batting - Pitching for Boston Red Sox : LHP Marco Gonzales
Pitching: RHP Cam Bedrosian
Batting: RHB Nolan Arenado 0-0: Ball
1-0: Ground out 6-3 (Groundball, 56)
Batting: RHB Albert Pujols 0-0: Called Strike
0-1: Ball
1-1: Fly out, F8 (Flyball, 8RXD)
Batting: SHB Melky Cabrera 0-0: Called Strike
0-1: Called Strike
0-2: Strikes out looking
Bottom of the 3rd over - 0 runs, 0 hits, 0 errors, 0 left on base; Boston 0 - Kansas City 5
TOP OF THE 4TH
Boston Red Sox batting - Pitching for Kansas City Royals : LHP Chris Sale
Batting: RHB Yoenis Cespedes 0-0: Called Strike
0-1: Swinging Strike
0-2: Hit by Pitch
Batting: RHB Yasiel Puig 0-0: Swinging Strike
0-1: Fly out, F8 (Flyball, 8RXD)
Batting: LHB Matt Adams 0-0: Foul Ball, location: 2F
0-1: Ball
1-1: Ball
2-1: Swinging Strike
2-2: Ball
3-2: Strikes out looking
Batting: RHB Jett Bandy 0-0: Swinging Strike
0-1: Foul Ball, location: 2F
0-2: 2-RUN HOME RUN (Flyball, 78XD), Distance : 396 ft
Batting: LHB Derek Dietrich 0-0: Ball
1-0: SOLO HOME RUN (Flyball, 8RXD), Distance : 414 ft
Batting: LHB J.P. Crawford 0-0: Called Strike
0-1: Ball
1-1: Swinging Strike
1-2: Strikes out swinging
Top of the 4th over - 3 runs, 2 hits, 0 errors, 0 left on base; Boston 3 - Kansas City 5
BOTTOM OF THE 4TH
Kansas City Royals batting - Pitching for Boston Red Sox : RHP Cam Bedrosian
Batting: RHB Josh Phegley 0-0: Ball
1-0: Ball
2-0: TRIPLE (Flyball, 8RXD)
Batting: LHB Jesse Winker 0-0: Swinging Strike
0-1: Called Strike
0-2: Ball
1-2: Foul Ball, location: 2F
1-2: Foul Ball, location: 2F
1-2: Ball
2-2: DOUBLE (Line Drive, 89D)
Josh Phegley scores
Batting: SHB Jurickson Profar 0-0: Called Strike
0-1: Foul Ball, location: 2F
0-2: Ball
1-2: Ball
2-2: Ball
3-2: Ground out 4-3 (Groundball, 34)
Jesse Winker to third
Batting: LHB Luis Valbuena 0-0: DOUBLE (Line Drive, 7LS)
Jesse Winker scores
Batting: LHB Raimel Tapia 0-0: Foul Ball, location: 2F
0-1: Swinging Strike
0-2: Ball
1-2: Foul Ball, location: 2F
1-2: Ball
2-2: Strikes out swinging
Batting: RHB Dansby Swanson 0-0: Ball
1-0: Ground out 6-3 (Groundball, 6MD)
Bottom of the 4th over - 2 runs, 3 hits, 0 errors, 1 left on base; Boston 3 - Kansas City 7
TOP OF THE 5TH
Boston Red Sox batting - Pitching for Kansas City Royals : LHP Chris Sale
Batting: LHB Jackie Bradley Jr. 0-0: Called Strike
0-1: Foul Ball, location: 2F
0-2: Ball
1-2: Strikes out looking
Batting: RHB Cesar Puello 0-0: Ball
1-0: Fly out, F8 (Flyball, 78S)
Batting: RHB Eduardo Nunez 0-0: Ball
1-0: Swinging Strike
1-1: Swinging Strike
1-2: Foul Ball, location: 2F
1-2: Ground out 1-3 (Groundball, 23)
Top of the 5th over - 0 runs, 0 hits, 0 errors, 0 left on base; Boston 3 - Kansas City 7
BOTTOM OF THE 5TH
Kansas City Royals batting - Pitching for Boston Red Sox : RHP Cam Bedrosian
Batting: RHB Nolan Arenado 0-0: Ball
1-0: Foul Ball, location: 2F
1-1: Swinging Strike
1-2: Foul Ball, location: 2F
1-2: Ball
2-2: Ball
3-2: Strikes out looking
Batting: RHB Albert Pujols 0-0: Ball
1-0: Foul Ball, location: 2F
1-1: Foul Ball, location: 2F
1-2: Ball
2-2: Foul Ball, location: 2F
2-2: Foul Ball, location: 2F
2-2: Ground out 6-3 (Groundball, 56)
Pitching: RHP Liam Hendriks
Batting: SHB Melky Cabrera 0-0: Called Strike
0-1: Called Strike
0-2: Foul Ball, location: 2F
0-2: Foul Ball, location: 2F
0-2: Ball
1-2: Strikes out swinging
Bottom of the 5th over - 0 runs, 0 hits, 0 errors, 0 left on base; Boston 3 - Kansas City 7
TOP OF THE 6TH
Boston Red Sox batting - Pitching for Kansas City Royals : LHP Chris Sale
Batting: RHB Yoenis Cespedes 0-0: Ball
1-0: Swinging Strike
1-1: Foul Ball, location: 2F
1-2: Strikes out looking
Batting: RHB Yasiel Puig 0-0: Foul Ball, location: 2F
0-1: Called Strike
0-2: Foul Ball, location: 2F
0-2: Strikes out swinging
Batting: LHB Matt Adams 0-0: Foul Ball, location: 2F
0-1: Ball
1-1: Foul Ball, location: 2F
1-2: Strikes out swinging
Top of the 6th over - 0 runs, 0 hits, 0 errors, 0 left on base; Boston 3 - Kansas City 7
BOTTOM OF THE 6TH
Kansas City Royals batting - Pitching for Boston Red Sox : RHP Liam Hendriks
Batting: RHB Josh Phegley 0-0: Called Strike
0-1: Called Strike
0-2: Ball
1-2: Strikes out swinging
Batting: LHB Jesse Winker 0-0: Called Strike
0-1: Ball
1-1: Foul Ball, location: 2F
1-2: Foul Ball, location: 2F
1-2: Strikes out swinging
Batting: SHB Jurickson Profar 0-0: Ball
1-0: Called Strike
1-1: Reached on error, E6 (Groundball, 6)
Batting: LHB Luis Valbuena 0-0: Ball
1-0: Foul Ball, location: 2F
1-1: Called Strike
1-2: Strikes out swinging
Bottom of the 6th over - 0 runs, 0 hits, 1 error, 1 left on base; Boston 3 - Kansas City 7
TOP OF THE 7TH
Boston Red Sox batting - Pitching for Kansas City Royals : LHP Chris Sale
Batting: RHB Jett Bandy 0-0: Foul Ball, location: 2F
0-1: Foul Ball, location: 2F
0-2: Strikes out swinging
Batting: LHB Derek Dietrich 0-0: Called Strike
0-1: Foul Ball, location: 2F
0-2: Hit by Pitch
Batting: LHB J.P. Crawford 0-0: Called Strike
0-1: Ball
1-1: Called Strike
1-2: Ball
2-2: SINGLE (Line Drive, 78M)
Derek Dietrich to second
Batting: LHB Jackie Bradley Jr. 0-0: Called Strike
0-1: Swinging Strike
0-2: Foul Ball, location: 2F
0-2: Ball
1-2: Ball
2-2: Fielders Choice at 2nd, 3-6 (Groundball, 3S)
Derek Dietrich to third
Batting: RHB Cesar Puello 0-0: Ball
1-0: Swinging Strike
1-1: Ball
2-1: Foul Ball, location: 2F
2-2: SINGLE (Groundball, 6MD)
Derek Dietrich scores
Jackie Bradley Jr. to second
Runner from 2nd tries for 3rd, SAFE, throw by CF made to third
Batting: RHB Eduardo Nunez 0-0: Called Strike
0-1: Ball
1-1: Called Strike
1-2: Ball
2-2: Ball
3-2: Fly out, F7 (Flyball, 78D)
Top of the 7th over - 1 run, 2 hits, 0 errors, 2 left on base; Boston 4 - Kansas City 7
BOTTOM OF THE 7TH
Kansas City Royals batting - Pitching for Boston Red Sox : RHP Liam Hendriks
Pitching: LHP Ryan Buchter
Batting: LHB Raimel Tapia 0-0: Ball
1-0: Ground out 5-3 (Groundball, 56)
Batting: RHB Dansby Swanson 0-0: Ball
1-0: Ball
2-0: Ball
3-0: Called Strike
3-1: Foul Ball, location: 2F
3-2: Base on Balls
Batting: RHB Nolan Arenado 0-0: Swinging Strike
0-1: Ball
1-1: Swinging Strike
1-2: Fielders Choice at 2nd, 1-6 (Groundball, 13)
Batting: RHB Albert Pujols 0-0: Fielders Choice at 2nd, 6-4 (Groundball, 6)
Bottom of the 7th over - 0 runs, 0 hits, 0 errors, 1 left on base; Boston 4 - Kansas City 7
TOP OF THE 8TH
Boston Red Sox batting - Pitching for Kansas City Royals : LHP Chris Sale
Batting: RHB Yoenis Cespedes 0-0: Ball
1-0: Swinging Strike
1-1: Called Strike
1-2: Ground out 4-3 (Groundball, 4S)
Pitching: RHP Arodys Vizcaino
Batting: RHB Yasiel Puig 0-0: Called Strike
0-1: Foul Ball, location: 2F
0-2: Ball
1-2: Foul Ball, location: 2F
1-2: Ball
2-2: Ball
3-2: Foul Ball, location: 2F
3-2: Foul Ball, location: 2F
3-2: Ground out 6-3 (Groundball, 6)
Batting: LHB Matt Adams 0-0: Ball
1-0: Ball
2-0: Called Strike
2-1: Ball
3-1: Foul Ball, location: 2F
3-2: Strikes out swinging
Top of the 8th over - 0 runs, 0 hits, 0 errors, 0 left on base; Boston 4 - Kansas City 7
BOTTOM OF THE 8TH
Kansas City Royals batting - Pitching for Boston Red Sox : LHP Ryan Buchter
Batting: SHB Melky Cabrera 0-0: Foul Ball, location: 2F
0-1: SINGLE (Line Drive, 8LS)
Batting: RHB Josh Phegley 0-0: Called Strike
0-1: Fly out, F7 (Line Drive, 7)
Batting: LHB Jesse Winker 0-0: Ball
1-0: Swinging Strike
1-1: Ball
2-1: Ball
3-1: Fly out, F7 (Flyball, 78S)
Batting: SHB Jurickson Profar 0-0: Ball
1-0: Foul Ball, location: 2F
1-1: Ball
2-1: Called Strike
2-2: Foul Ball, location: 2F
2-2: Fly out, F8 (Flyball, 8LM)
Bottom of the 8th over - 0 runs, 1 hit, 0 errors, 1 left on base; Boston 4 - Kansas City 7
TOP OF THE 9TH
Boston Red Sox batting - Pitching for Kansas City Royals : RHP Arodys Vizcaino
Pitching: RHP Kelvin Herrera
Now in LF: Gorkys Hernandez
Batting: RHB Jett Bandy 0-0: Ball
1-0: Called Strike
1-1: Swinging Strike
1-2: Strikes out swinging
Batting: LHB Derek Dietrich 0-0: Ground out 3-1 (Groundball, 34S)
Batting: LHB J.P. Crawford 0-0: Ball
1-0: Ball
2-0: Ball
3-0: Base on Balls
Batting: LHB Jackie Bradley Jr. 0-0: Foul Ball, location: 2F
0-1: Called Strike
0-2: Ground out 1-3 (Groundball, 34S)
Top of the 9th over - 0 runs, 0 hits, 0 errors, 1 left on base; Boston 4 - Kansas City 7
Tuesday, September 11th, 2018 - OOTP Baseball 19.8 Build 79